 Dungeon Crawl Stone Soup version 0.32-a0-859-gb0a091d592 (webtiles) character file.

Game seed: 15957032307027199383

639 zenocrate the Insei (level 7, -3/50 HPs)
             Began as an Octopode Earth Elementalist on Mar 27, 2024.
             Killed by miscasting Stone Arrow (6 damage)
             ... on level 5 of the Dungeon.
             The game lasted 00:03:27 (2374 turns).

zenocrate the Insei (Octopode Earth Elementalist)   Turns: 2374, Time: 00:03:27

Health: -3/50      AC:  1    Str:  7      XL:     7   Next: 51%
Magic:  0/10       EV: 12    Int: 24      God:
Gold:   96         SH:  0    Dex: 19 (20) Spells: 3/10 levels left

rFire   . .          .
                       - Unarmed
rCold   . . .        (no shield)
rNeg    . . .        (helmet restricted)
rPois   .            (no amulet)
rElec   .            i - +6 ring of dexterity
rCorr   .            k - +6 ring of intelligence
SInv    .            (no ring)
Will    .....        (no ring)
Stlth   +++          (no ring)
HPRegen 0.28/turn    (no ring)
MPRegen 0.12/turn    (no ring)
                     (no ring)

%: no passive effects
@: very slightly contaminated
A: almost no armour, amphibious, 8 rings, camouflage 1, gelatinous body 1,
(nimble swimmer 1), tentacles, deterioration 1, robust 1, screaming 1
a: no special abilities


You were on level 5 of the Dungeon.
You visited 1 branch of the dungeon, and saw 5 of its levels.

You collected 96 gold pieces.

Inventory:

Armour
 b - a +0 buckler
Jewellery
 i - a +6 ring of dexterity (left tentacle)
 k - a +6 ring of intelligence (right tentacle)
Scrolls
 c - a scroll of brand weapon {unknown}
 d - a scroll of fear {unknown}
 e - a scroll of teleportation {unknown}
 g - a scroll of blinking {unknown}
 h - 2 scrolls of enchant weapon {unknown}
 j - 2 scrolls of enchant armour {unknown}
Potions
 a - a potion of magic


   Skills:
 - Level 3.3 Fighting
 - Level 2.0 Dodging
 - Level 2.6 Stealth
 * Level 6.9 Unarmed Combat
 - Level 2.0 Spellcasting
 - Level 1.0 Conjurations
 - Level 3.0 Earth Magic


You had 3 spell levels left.
You knew the following spells:

 Your Spells              Type           Power      Damage    Failure   Level
a - Stone Arrow           Conj/Erth      24%        3d8       16%         3
b - Sandblast             Erth           32%        2d9       3%          1
z - Passwall              Erth           16%        N/A       11%         3

Your spell library contained the following spells:

 Spells                   Type           Power      Damage    Failure   Level
 Brom's Barrelling Bould  Conj/Erth      12%        2d4       45%         4
 Petrify                  Alch/Erth      9%         N/A       54%         4


Dungeon Overview and Level Annotations

Branches:
Dungeon (6/15)
 Temple: D:4-7

Altars:
Okawaru


Innate Abilities, Weirdness & Mutations

You cannot wear most types of armour.
You are amphibious.
You can wear up to eight rings at the same time.
Your skin changes colour to match your surroundings (Stealth+).
Your rubbery body absorbs attacks. (AC +1, EV +1)
((You are camouflaged when in or above water. (Stealth+)))
You have tentacles for arms and can constrict up to eight enemies at once.
Your body sometimes deteriorates upon taking damage.
You are robust. (+10% HP)
You occasionally shout uncontrollably at your foes.


Message History

Casting: Stone Arrow (dangerous; 16% risk of failure)
Confirm with . or Enter, or press ? or * to list all spells.
Aiming: Stone Arrow (dangerous; 16% risk of failure)
Press: ? - help, Shift-Dir - straight line, f - wight
Aim: a wight, wielding a +0 flail and wearing a +0 robe (heavily damaged, constricted by you, 100% to hit)
You miscast Stone Arrow.
You are very lightly contaminated with residual magic.
Nothing appears to happen.
You constrict the hound.
You kill the hound!
You constrict the wight. The wight hits you with a +0 flail!
* * * LOW HITPOINT WARNING * * *
You feel drained.
* * * LOW HITPOINT WARNING * * *
Unknown command.
Unknown command.
Unknown command.
Casting: Stone Arrow (dangerous; 16% risk of failure)
Confirm with . or Enter, or press ? or * to list all spells.
Aiming: Stone Arrow (dangerous; 16% risk of failure)
Press: ? - help, Shift-Dir - straight line, f/p - wight
Aim: a wight, wielding a +0 flail and wearing a +0 robe (almost destroyed, constricted by you, 100% to hit)
The stone arrow hits the wight!
You destroy the wight!
You feel your strength returning.
Your life force feels restored.
A gnoll comes into view. It is wielding a +0 flail.
Casting: Stone Arrow (dangerous; 16% risk of failure)
Confirm with . or Enter, or press ? or * to list all spells.
You don't have enough magic to cast this spell.
Unknown command.
Unknown command.
Found 20 gold pieces.
The gnoll shouts!
You hear a shout!
Casting: Stone Arrow (dangerous; 16% risk of failure)
Confirm with . or Enter, or press ? or * to list all spells.
Aiming: Stone Arrow (dangerous; 16% risk of failure)
Press: ? - help, Shift-Dir - straight line, f - gnoll
Aim: a gnoll, wielding a +0 flail (72% to hit)
You miscast Stone Arrow.
A wave of violent energy washes through your body.
You die...

............ .
...#.#....!#..##
...........#....
.......†.)......
........>.g..##
#.#.#..........
#.#.#######
#........
#@#.#####
#...........#
#####.##..#.#
.$# #.# ### ...
#.# .


You could see a gnoll.

Vanquished Creatures
  A centaur (D:6)
  2 scorpions (D:6)
  4 wights
  2 hounds
  3 orc wizards
  4 adders
  3 dart slugs
  9 orcs
  5 endoplasms
  5 hobgoblins
  2 jackals (D:2)
  A quokka (D:1)
  9 ball pythons
  8 bats
  3 frilled lizards (D:2)
  3 kobolds
  2 rats
66 creatures vanquished.

Notes
Turn   | Place    | Note
-------+----------+-------------------------------------------
     0 | D:1      | zenocrate the Octopode Earth Elementalist began the quest
                  | for the Orb.
     0 | D:1      | Reached XP level 1. HP: 11/11 MP: 3/3
    76 | D:1      | Found a faded altar of an unknown god.
   138 | D:1      | Reached skill level 1 in Unarmed Combat
   419 | D:1      | Reached XP level 2. HP: 12/17 MP: 5/5
   478 | D:1      | Reached skill level 2 in Unarmed Combat
   802 | D:2      | Reached XP level 3. HP: 20/21 MP: 1/6
   907 | D:2      | Reached skill level 3 in Unarmed Combat
  1035 | D:2      | Reached XP level 4. HP: 27/27 MP: 4/7
  1042 | D:2      | Learned a level 3 spell: Stone Arrow
  1046 | D:2      | Learned a level 3 spell: Passwall
  1300 | D:2      | Found an iron altar of Okawaru.
  1638 | D:3      | Reached skill level 1 in Fighting
  1638 | D:3      | Reached skill level 4 in Unarmed Combat
  1644 | D:3      | Reached XP level 5. HP: 19/33 MP: 3/8
  1707 | D:3      | You fall into a shaft and drop 3 floors!
  1736 | D:6      | Gained mutation: You are robust. (+10% HP) [potion of
                  | mutation]
  1736 | D:6      | Gained mutation: You occasionally shout uncontrollably at
                  | your foes. [potion of mutation]
  1736 | D:6      | Gained mutation: Your body sometimes deteriorates upon
                  | taking damage. [potion of mutation]
  1744 | D:6      | Reached XP level 6. HP: 14/45 MP: 0/9
  1883 | D:6      | Reached skill level 5 in Unarmed Combat
  1977 | D:6      | Reached XP level 7. HP: 11/50 MP: 1/10
  2121 | D:6      | Reached skill level 6 in Unarmed Combat
  2362 | D:5      | Entered Level 5 of the Dungeon
  2366 | D:5      | HP: 2/49 [wight/+0 flail (9)]
  2374 | D:5      | Killed by miscasting Stone Arrow

Illustrated notes

Levels and vault maps discovered:
D:1:      dpeg_arrival_yet_another_circle, layout_basic,
          nicolae_ecumenical_snake_handling
D:2:      layout_rooms, basic_altar
D:3:      layout_loops_ring, lemuel_round_altar
D:5:      layout_basic, fedhas_altar_1
D:6:      layout_loops_ring, grunt_temple_overflow_champion_of_chaos,
          minmay_temple_entry_hall

Skill      XL: |  1  2  3  4  5  6  7 |
---------------+----------------------+-----
Unarmed Combat | 1 2 3 4 5 6 |  6.9
Fighting       | 1 2 3 |  3.3
Dodging        | |  2.0
Stealth        | |  2.6
Spellcasting   | |  2.0
Conjurations   | |  1.0
Earth Magic    | |  3.0

Action                     |  1- 3 |  4- 6 |  7- 9 || total
---------------------------+-------+-------+-------++-------
  Melee: Unarmed           |    42 |    33 |    19 ||    94
         Constrict         |    13 |    14 |     7 ||    34
         Tentacles         |     8 |     7 |     7 ||    22
         Punch             |       |     1 |       ||     1
   Cast: Sandblast         |    15 |    17 |       ||    32
         Stone Arrow       |       |     3 |     4 ||     7
    Use: Potion            |       |     2 |       ||     2
   Stab: Sleeping          |     8 |     6 |       ||    14
 Armour: Skin              |    17 |    27 |    10 ||    54
  Dodge: Dodged            |    29 |    25 |    15 ||    69

Table legend: (Time is in decaauts)
 A = Elapsed time spent in this place.
 B = Non-inter-level travel time spent in this place.
 C = Inter-level travel time spent in this place.
 D = Time resting spent in this place.
 E = Time spent auto-exploring this place.
 F = Levels seen in this place.
 G = Mean time per level.
                   A        B        C        D        E       F      G
               +--------+--------+--------+--------+--------+-----+--------+
         Total |   2381 |   2345 |     36 |      0 |   1938 |   5 |  476.2 |
       Dungeon |   2381 |   2345 |     36 |      0 |   1938 |   5 |  476.2 |
               +--------+--------+--------+--------+--------+-----+--------+

Top non-repeatable levels by time:
     D:1: 792 daAuts
     D:6: 653 daAuts
     D:2: 617 daAuts
     D:3: 306 daAuts
     D:5: 11 daAuts
